General information
- name: BNet
- type: Ladder team game (AT/RT)
- host: Battle.net
- saver: DontPingImHere
map: DragonFalls
- players: 8
- length: 24:49
- speed: Fast
- version: 1.28 W3XP
- replay type: Public
» download(270 KB)
Players
team 1 (winner)
frisson (
purple | 127 APM | 3150 actions | 24:48)
9 Goblin Alchemist
3 Acid Bomb
3 Chemical Rage
1 Transmute
2 Healing Spray
» actions
| Assign group hotkey | 105 | |
| Basic commands | 307 | |
| Build / train | 78 | |
| Enter build submenu | 23 | |
| Enter hero's abilities submenu | 9 | |
| Give item / drop item | 4 | |
| Remove unit from queue | 4 | |
| Right click | 1572 | |
| Select / deselect | 425 | |
| Select group hotkey | 452 | |
| Use ability | 171 | |
3150 total
» units
| Acolyte | 9 | |
| Ghoul | 4 | |
| Necromancer | 8 | |
| Meatwagon | 5 | |
| Obsidian Statue | 2 | |
| Banshee | 4 | |
32 total
» upgrades
| Backpack | 1 | |
| Ghoul Frenzy | 1 | |
| Necromancer Training | 2 | |
| Skeletal Mastery | 1 | |
| Skeletal Longevity | 1 | |
| Unholy Strength | 2 | |
| Unholy Armor | 2 | |
| Exhume Corpses | 1 | |
| Banshee Training | 2 | |
| Disease Cloud | 1 | |
14 total
» buildings
| Crypt | 1 | |
| Ziggurat | 9 | |
| Tomb of Relics | 3 | |
| Altar of Darkness | 1 | |
| Graveyard | 1 | |
| Halls of the Dead | 2 | |
| Black Citadel | 1 | |
| Temple of the Damned | 2 | |
| Slaughterhouse | 1 | |
| Spirit Tower | 6 | |
| Sacrificial Pit | 1 | |
28 total
» build order
00:21 Crypt
00:35 Ziggurat
00:41 Tomb of Relics
00:46 Altar of Darkness
01:01 Tomb of Relics
02:53 Graveyard
03:32 Halls of the Dead
03:33 Halls of the Dead
04:40 Ziggurat
04:58 Ziggurat
05:54 Black Citadel
05:58 Temple of the Damned
05:59 Temple of the Damned
06:19 Slaughterhouse
06:54 Ziggurat
06:57 Ziggurat
09:31 Spirit Tower
09:32 Spirit Tower
09:33 Spirit Tower
10:34 Sacrificial Pit
15:33 Ziggurat
15:35 Ziggurat
15:37 Ziggurat
15:40 Ziggurat
15:47 Tomb of Relics
17:06 Spirit Tower
17:06 Spirit Tower
17:07 Spirit Tower
» items
| Rod of Necromancy | 1 | |
| Boots of Speed | 1 | |
| Orb of Corruption | 1 | |
| Sacrificial Skull | 1 | |
| Scroll of Town Portal | 3 | |
| Scroll of Healing | 1 | |
8 total

»
ewrgdsgeghe (
red | 103 APM | 2564 actions | 24:48)
6 Death Knight
2 Death Coil
3 Unholy Aura
1 Animate Dead
5 Lich
3 Frost Nova
2 Frost Armor
» actions
| Assign group hotkey | 149 | |
| Basic commands | 1 | |
| Build / train | 95 | |
| Enter build submenu | 22 | |
| Enter hero's abilities submenu | 11 | |
| Give item / drop item | 3 | |
| Remove unit from queue | 1 | |
| Right click | 1369 | |
| Select / deselect | 326 | |
| Select group hotkey | 496 | |
| Use ability | 91 | |
2564 total
» units
| Acolyte | 13 | |
| Ghoul | 9 | |
| Crypt Fiend | 12 | |
| Satyr Shadowdancer | 1 | |
| Frost Wyrm | 9 | |
44 total
» upgrades
| Web | 1 | |
| Creature Attack | 3 | |
| Creature Carapace | 3 | |
7 total
» buildings
| Crypt | 1 | |
| Graveyard | 1 | |
| Altar of Darkness | 1 | |
| Ziggurat | 9 | |
| Tomb of Relics | 1 | |
| Halls of the Dead | 1 | |
| Spirit Tower | 6 | |
| Necropolis | 1 | |
| Nerubian Tower | 2 | |
| Black Citadel | 1 | |
| Sacrificial Pit | 1 | |
| Boneyard | 6 | |
31 total
» build order
00:08 Crypt
00:11 Graveyard
00:39 Altar of Darkness
00:54 Ziggurat
01:25 Tomb of Relics
01:59 Ziggurat
04:12 Ziggurat
04:41 Ziggurat
05:23 Halls of the Dead
05:43 Spirit Tower
05:53 Necropolis
06:16 Ziggurat
06:18 Nerubian Tower
07:01 Ziggurat
07:01 Ziggurat
07:24 Spirit Tower
08:17 Black Citadel
08:28 Sacrificial Pit
09:33 Spirit Tower
09:34 Spirit Tower
09:35 Spirit Tower
09:36 Spirit Tower
10:00 Ziggurat
10:22 Ziggurat
11:35 Boneyard
11:36 Boneyard
11:38 Boneyard
11:39 Boneyard
11:40 Boneyard
12:04 Boneyard
13:50 Nerubian Tower
» items
| Rod of Necromancy | 2 | |
| Sacrificial Skull | 1 | |
| Potion of Healing | 3 | |
| Potion of Mana | 1 | |
| Scroll of Town Portal | 3 | |
| Potion of Lesser Invulnerability | 1 | |
| Scroll of Healing | 1 | |
| Scroll of Protection | 1 | |
| Scroll of Regeneration | 1 | |
| Lesser Clarity Potion | 3 | |
17 total
DontPingImHere (
pink | 60 APM | 1491 actions | 24:49)
9 Paladin
3 Divine Shield
3 Holy Light
1 Resurrection
2 Devotion Aura
» actions
| Assign group hotkey | 27 | |
| Basic commands | 69 | |
| Build / train | 42 | |
| Enter build submenu | 13 | |
| Enter hero's abilities submenu | 9 | |
| Give item / drop item | 2 | |
| Right click | 628 | |
| Select / deselect | 222 | |
| Select group hotkey | 408 | |
| Use ability | 71 | |
1491 total
» units
| Peasant | 11 | |
| Furbolg Shaman | 4 | |
| Thunder Lizard | 4 | |
| Goblin Zeppelin | 1 | |
| Green Dragon | 1 | |
21 total
» buildings
| Keep | 1 | |
| Altar of Kings | 1 | |
| Castle | 1 | |
| Farm | 7 | |
| Arcane Vault | 2 | |
12 total
» build order
00:57 Keep
02:33 Altar of Kings
03:50 Castle
07:03 Farm
09:03 Farm
09:04 Farm
09:12 Farm
13:49 Arcane Vault
15:20 Arcane Vault
16:03 Farm
17:42 Farm
21:08 Farm
» items
| Boots of Speed | 1 | |
| Periapt of Vitality | 1 | |
| Staff of Teleportation | 1 | |
| Orb of Corruption | 1 | |
| Scroll of Healing | 1 | |
| Lesser Clarity Potion | 1 | |
| Potion of Mana | 2 | |
| Scroll of Town Portal | 1 | |
9 total
KuZzzia (
yellow | 35 APM | 868 actions | 24:48)
6 Death Knight
3 Death Coil
1 Death Pact
1 Unholy Aura
1 Animate Dead
» actions
| Assign group hotkey | 3 | |
| Basic commands | 4 | |
| Build / train | 87 | |
| Enter build submenu | 19 | |
| Enter hero's abilities submenu | 6 | |
| Remove unit from queue | 4 | |
| Right click | 362 | |
| Select / deselect | 319 | |
| Select group hotkey | 2 | |
| Use ability | 62 | |
868 total
» units
| Acolyte | 10 | |
| Ghoul | 3 | |
| Crypt Fiend | 7 | |
| Gargoyle | 13 | |
| Necromancer | 8 | |
| Obsidian Statue | 2 | |
| Meatwagon | 3 | |
| Frost Wyrm | 3 | |
| Abomination | 3 | |
52 total
» upgrades
| Creature Attack | 2 | |
| Unholy Strength | 1 | |
| Web | 1 | |
| Necromancer Training | 2 | |
| Skeletal Longevity | 1 | |
| Unholy Armor | 1 | |
| Creature Carapace | 2 | |
| Exhume Corpses | 1 | |
| Freezing Breath | 1 | |
12 total
» buildings
| Graveyard | 2 | |
| Crypt | 2 | |
| Altar of Darkness | 1 | |
| Ziggurat | 8 | |
| Tomb of Relics | 1 | |
| Nerubian Tower | 1 | |
| Halls of the Dead | 1 | |
| Spirit Tower | 3 | |
| Slaughterhouse | 1 | |
| Temple of the Damned | 1 | |
| Sacrificial Pit | 1 | |
| Black Citadel | 1 | |
| Boneyard | 2 | |
25 total
» build order
00:14 Graveyard
00:20 Crypt
00:51 Altar of Darkness
00:59 Ziggurat
01:15 Tomb of Relics
02:03 Ziggurat
02:10 Nerubian Tower
04:45 Halls of the Dead
04:50 Ziggurat
06:12 Ziggurat
06:12 Ziggurat
06:13 Ziggurat
08:33 Spirit Tower
08:38 Slaughterhouse
08:45 Temple of the Damned
08:48 Sacrificial Pit
09:14 Crypt
09:36 Spirit Tower
11:48 Black Citadel
13:28 Ziggurat
13:29 Ziggurat
15:59 Boneyard
15:59 Boneyard
17:50 Spirit Tower
20:08 Graveyard
» items
| Rod of Necromancy | 1 | |
| Potion of Healing | 1 | |
| Potion of Mana | 1 | |
| Orb of Corruption | 1 | |
| Scroll of Town Portal | 1 | |
| Scroll of Healing | 1 | |
6 total
team 2 (loser)

»
TaaZz (
teal | 66 APM | 1510 actions | 23:02)
5 Blademaster
3 Critical Strike
2 Wind Walk
4 Shadow Hunter
2 Hex
2 Healing Wave
» actions
| Assign group hotkey | 38 | |
| Basic commands | 112 | |
| Build / train | 55 | |
| Enter build submenu | 12 | |
| Enter hero's abilities submenu | 9 | |
| Give item / drop item | 7 | |
| Remove unit from queue | 1 | |
| Right click | 550 | |
| Select / deselect | 253 | |
| Select group hotkey | 386 | |
| Use ability | 87 | |
1510 total
» units
| Peon | 7 | |
| Wind Rider | 8 | |
| Troll Batrider | 8 | |
| Shaman | 1 | |
24 total
» upgrades
| Ranged Weapons | 3 | |
| Armor | 3 | |
| Envenomed Spears | 1 | |
| Liquid Fire | 1 | |
8 total
» buildings
| Altar of Storms | 1 | |
| Orc Burrow | 5 | |
| Voodoo Lounge | 1 | |
| War Mill | 1 | |
| Stronghold | 1 | |
| Beastiary | 2 | |
| Fortress | 1 | |
| Spirit Lodge | 1 | |
| Tauren Totem | 1 | |
14 total
» build order
00:26 Altar of Storms
00:34 Orc Burrow
00:52 Voodoo Lounge
01:23 War Mill
02:13 Stronghold
03:56 Orc Burrow
03:59 Orc Burrow
04:48 Beastiary
04:51 Beastiary
05:15 Orc Burrow
07:12 Orc Burrow
08:30 Fortress
20:22 Spirit Lodge
20:26 Tauren Totem
» items
| Lesser Clarity Potion | 4 | |
| Healing Salve | 2 | |
| Scroll of Town Portal | 2 | |
| Orb of Lightning | 1 | |
9 total

»
Alexandra99 (
blue | 27 APM | 669 actions | 24:48)
4 Mountain King
2 Storm Bolt
1 Thunder Clap
1 Bash
» actions
| Build / train | 87 | |
| Enter build submenu | 19 | |
| Enter hero's abilities submenu | 4 | |
| Remove unit from queue | 1 | |
| Right click | 277 | |
| Select / deselect | 230 | |
| Use ability | 51 | |
669 total
» units
| Peasant | 22 | |
| Footman | 7 | |
| Rifleman | 22 | |
| Knight | 4 | |
| Gryphon Rider | 12 | |
67 total
» buildings
| Altar of Kings | 1 | |
| Farm | 14 | |
| Barracks | 1 | |
| Keep | 1 | |
| Blacksmith | 1 | |
| Lumber Mill | 1 | |
| Town Hall | 1 | |
| Castle | 1 | |
| Arcane Vault | 1 | |
| Scout Tower | 9 | |
| Guard Tower | 5 | |
| Arcane Tower | 4 | |
| Gryphon Aviary | 1 | |
41 total
» build order
00:06 Altar of Kings
00:12 Farm
00:33 Barracks
01:16 Farm
01:49 Farm
03:58 Keep
04:04 Blacksmith
05:08 Lumber Mill
05:22 Town Hall
05:43 Farm
07:04 Castle
07:07 Farm
09:07 Arcane Vault
09:31 Scout Tower
09:33 Scout Tower
09:34 Scout Tower
09:36 Scout Tower
09:38 Scout Tower
10:32 Farm
10:36 Farm
10:53 Guard Tower
10:54 Arcane Tower
10:57 Guard Tower
12:00 Gryphon Aviary
12:05 Arcane Tower
12:19 Guard Tower
12:41 Farm
12:42 Farm
12:43 Farm
12:45 Farm
12:46 Farm
12:48 Farm
12:50 Farm
16:43 Scout Tower
16:46 Scout Tower
16:49 Scout Tower
16:53 Scout Tower
18:35 Guard Tower
18:43 Arcane Tower
18:45 Guard Tower
18:47 Arcane Tower
» items
| Orb of Fire | 1 | |
| Scroll of Town Portal | 2 | |
3 total
Go_to_War (
orange | 73 APM | 1672 actions | 22:53)
2 Crypt Lord
1 Carrion Beetles
1 Spiked Carapace
2 Death Knight
1 Death Coil
1 Unholy Aura
» actions
| Basic commands | 18 | |
| Build / train | 68 | |
| Enter build submenu | 22 | |
| Enter hero's abilities submenu | 4 | |
| Give item / drop item | 1 | |
| Right click | 1178 | |
| Select / deselect | 327 | |
| Use ability | 54 | |
1672 total
» units
| Acolyte | 18 | |
| Ghoul | 3 | |
| Crypt Fiend | 17 | |
| Goblin Zeppelin | 1 | |
| Green Drake | 2 | |
| Gargoyle | 1 | |
42 total
» upgrades
» buildings
| Graveyard | 1 | |
| Altar of Darkness | 1 | |
| Ziggurat | 8 | |
| Crypt | 2 | |
| Tomb of Relics | 2 | |
| Spirit Tower | 5 | |
| Nerubian Tower | 2 | |
| Halls of the Dead | 1 | |
| Necropolis | 2 | |
| Black Citadel | 1 | |
| Sacrificial Pit | 1 | |
| Boneyard | 2 | |
28 total
» build order
00:17 Graveyard
00:22 Altar of Darkness
00:33 Ziggurat
01:06 Crypt
01:36 Ziggurat
01:52 Tomb of Relics
02:24 Spirit Tower
02:29 Nerubian Tower
03:06 Ziggurat
04:31 Halls of the Dead
06:40 Necropolis
07:05 Ziggurat
07:08 Ziggurat
08:11 Spirit Tower
08:13 Spirit Tower
08:20 Crypt
08:37 Spirit Tower
10:07 Tomb of Relics
11:30 Black Citadel
11:35 Sacrificial Pit
12:14 Ziggurat
13:53 Ziggurat
15:29 Ziggurat
16:47 Nerubian Tower
18:36 Boneyard
18:43 Boneyard
18:45 Spirit Tower
22:23 Necropolis
» items
| Rod of Necromancy | 3 | |
| Sacrificial Skull | 1 | |
| Potion of Healing | 2 | |
| Scroll of Town Portal | 4 | |
10 total

»
fundyk (
green | 61 APM | 1519 actions | 24:44)
4 Demon Hunter
2 Mana Burn
1 Evasion
1 Immolation
1 Crypt Lord
1 Impale
» actions
| Assign group hotkey | 25 | |
| Build / train | 79 | |
| Enter build submenu | 40 | |
| Enter hero's abilities submenu | 5 | |
| Give item / drop item | 1 | |
| Remove unit from queue | 4 | |
| Right click | 821 | |
| Select / deselect | 233 | |
| Select group hotkey | 237 | |
| Use ability | 74 | |
1519 total
» units
| Wisp | 20 | |
| Archer | 17 | |
| Huntress | 10 | |
| Hippogryph | 13 | |
| Chimaera | 1 | |
61 total
» buildings
| Altar of Elders | 1 | |
| Moon Well | 10 | |
| Ancient of War | 2 | |
| Ancient of Wonders | 1 | |
| Tree of Life | 2 | |
| Hunter's Hall | 1 | |
| Ancient Protector | 8 | |
| Tree of Ages | 2 | |
| Ancient of Wind | 2 | |
| Tree of Eternity | 2 | |
| Chimaera Roost | 1 | |
32 total
» build order
00:30 Altar of Elders
00:33 Moon Well
00:52 Ancient of War
01:04 Ancient of War
01:45 Moon Well
02:44 Ancient of Wonders
03:16 Moon Well
04:25 Tree of Life
04:28 Moon Well
04:43 Moon Well
05:23 Hunter's Hall
06:16 Moon Well
07:09 Ancient Protector
08:57 Tree of Ages
10:51 Moon Well
11:34 Ancient of Wind
11:38 Tree of Eternity
11:54 Moon Well
12:38 Ancient Protector
13:04 Ancient of Wind
13:24 Tree of Ages
15:20 Moon Well
15:25 Moon Well
15:31 Tree of Life
16:38 Tree of Eternity
16:40 Ancient Protector
16:44 Ancient Protector
19:54 Chimaera Roost
21:02 Ancient Protector
21:09 Ancient Protector
21:14 Ancient Protector
21:18 Ancient Protector
» items
| Scroll of Town Portal | 3 | |
| Circlet of Nobility | 2 | |
| Scroll of Healing | 1 | |
6 total
Chat log
(00:20 / Allies) ewrgdsgeghe: hi
(00:23 / Allies) ewrgdsgeghe: fiends frosts
(00:43 / Allies) ewrgdsgeghe: u here?
(01:17 / Allies) ewrgdsgeghe: a little risky me thinks
(01:18 / Allies) ewrgdsgeghe: ...
(01:44 / Allies) frisson: pink
(01:46 / Allies) frisson: wood?
(02:07 / Allies) DontPingImHere: you mean would?
(02:10 / Allies) DontPingImHere: good alice in chains song
(02:20 / Allies) ewrgdsgeghe: i only listen to thunderstruck
(05:48 / All) frisson: ?
(09:04 / Allies) frisson: thnxc
(09:43 / Allies) frisson: air
(09:43 / Allies) frisson: air
(09:44 / Allies) frisson: air
(10:04 / Allies) frisson: bbbb
(10:35 / Allies) DontPingImHere: 100 lumber
(10:45 / Allies) ewrgdsgeghe: tp
(12:30 / Allies) ewrgdsgeghe: back
(12:39 / Allies) ewrgdsgeghe: need more unitz
(13:57 / Allies) ewrgdsgeghe: gold plz
(14:56 / Allies) ewrgdsgeghe: b
(17:11 / Allies) DontPingImHere: why my bear was follwoing meh
(18:36 / Allies) ewrgdsgeghe: b
(18:44 / Allies) ewrgdsgeghe: gold for tp plz
(19:07 / Allies) ewrgdsgeghe: gold for tp plz
(23:11 / All) DontPingImHere: I have only merc units and pally